Description

4 Tempests

Replay - Ice_and_Chrome_LE_36

Build Order

Get SALT Encoding   

  12  0:01  Probe  
  13  0:13  Probe  
  14  0:21  Pylon  
  14  0:25  Probe  
  15  0:36  Probe  
  15  0:41  Gateway  
  16  0:44  Probe  
  17  0:50  Assimilator  
  17  0:53  Probe  
  18  1:05  Probe  
  19  1:17  Probe  
  20  1:25  Nexus  
  20  1:36  Cybernetics Core  
  20  1:38  Probe  
  21  1:44  Assimilator  
  21  1:50  Probe  
  22  1:55  Pylon  
  22  2:03  Adept  
  25  2:20  Stargate  
  26  2:24  Adept  
  27  2:33  Warp Gate  
  34  2:58  Oracle  
  41  3:23  Pylon  
  41  3:28  Phoenix  
  41  3:31  Gateway  
  43  3:40  Assimilator x2  
  46  3:47  Pylon  
  48  4:02  Fleet Beacon  
  51  4:10  Pylon  
  53  4:24  Stargate  
  53  4:30  Forge  
  54  4:44  Nexus  
  55  4:49  Tempest  
  60  5:01  Tempest  
  60  5:05  Shield Battery  
  66  5:20  Photon Cannon  
  68  5:23  Twilight Council  
  68  5:28  Tempest  
  69  5:30  Protoss Ground Weapons Level 1  
  70  5:39  Tempest  
  76  5:44  Zealot  
  86  5:57  Charge  
  86  6:02  Protoss Air Weapons Level 1  
  90  6:25  Robotics Facility  
  92  6:27  Gateway x2  
  92  6:33  Photon Cannon  
  92  6:38  Photon Cannon  
  93  6:45  Assimilator x2  
  94  6:51  Gateway x3  
  94  7:02  Protoss Ground Weapons Level 2, Templar Archives  
  99  7:18  Zealot x2  
  99  7:19  Immortal  
  109  7:30  Nexus  
  110  7:50  Immortal  
  113  7:57  High Templar x4  
  113  7:58  Zealot x3  
  131  8:05  Archon x2  
  126  8:21  High Templar x2  
  126  8:22  Zealot  
  126  8:25  Photon Cannon x7  
  132  8:35  Archon  
  132  8:39  Zealot x3  
  115  8:59  Stalker x6  
  123  9:12  Nexus  
  123  9:27  Immortal  
  123  9:28  High Templar x4  
  137  9:33  Archon x3  
  141  9:43  Assimilator  
  141  9:48  Assimilator  
  139  9:54  Psionic Storm  
Spawning Tool Build Advisor. Get it on Overwolf

Go to:

Details

  • Created by: Elohim  
  • Published on: Jul 04, 2020
  • Modified on: Jul 04, 2020
  • Patch: 4.11.0
  • Difficulty: Hard
Show
View Real Time Build Order
Export as new Build Order

Comments (0)

There are no comments. Be the first!

Create an account to comment!